 Dungeon Crawl Stone Soup version 0.18-a0-1778-gadce9fa (webtiles) character file.

8556 Lovchig the Nimble (level 11, 0/77 HPs)
             Began as a Minotaur Monk on Apr 17, 2016.
             Was a High Priest of Nemelex Xobeh.
             Killed by divine providence
             ... invoked by an orc priest
              (13 damage)
             ... on level 1 of the Orcish Mines.
             The game lasted 01:13:28 (9939 turns).

Lovchig the Nimble (Minotaur Monk)                  Turns: 9939, Time: 01:13:29

Health: 0/77       AC: 20    Str: 19    XL:     11   Next: 11%
Magic:  10/10      EV: 11    Int:  7    God:    Nemelex Xobeh [*****.]
Gold:   545        SH:  0    Dex: 17    Spells: 0 memorised, 10 levels left

rFire  . . .     SeeInvis +       - Unarmed
rCold  . . .     Gourm    .     V - +0 plate armour
rNeg   . . .     Faith    .     (no shield)
rPois  .         Spirit   .     (helmet restricted)
rElec  .         Dismiss  .     N - +1 cloak
rCorr  .         Reflect  .     (no gloves)
SustAt .         Harm     .     B - +2 pair of boots {run}
MR     .....                    (no amulet)
Stlth  ..........               t - ring of see invisible
                                f - +4 ring of dexterity

@: quick, not resistant to hostile enchantments, extremely unstealthy
A: retaliatory headbutt, horns 2, blurry vision 1, frail 2
a: Triple Draw, Deal Four, Stack Five, Renounce Religion


You were on level 1 of the Orcish Mines.
You worshipped Nemelex Xobeh.
Nemelex Xobeh was extremely pleased with you.
You were not hungry.

You visited 3 branches of the dungeon, and saw 12 of its levels.

You collected 545 gold pieces.

Inventory:

Hand Weapons
 r - a +1 short sword of draining
 u - a +1 dagger of piercing
 w - a +1 long sword of freezing
 R - a cursed +3 falchion of freezing
 U - a cursed +2 morningstar of freezing
Armour
 b - a +1 scale mail
 B - a +2 pair of boots of running (worn)
 J - a +1 chain mail
 N - a +1 cloak (worn)
 V - a +0 plate armour (worn)
Jewellery
 c - a +2 ring of evasion
 f - a +4 ring of dexterity (left hand)
 t - a ring of see invisible (right hand)
 y - an uncursed ring of sustain attributes
 F - an uncursed ring of flight
Wands
 h - a wand of disintegration (7/24)
 x - a wand of flame (48/48)
 z - a wand of slowing (32/48)
 A - a wand of paralysis (22/24)
 T - a wand of slowing (6/48)
 W - a wand of lightning (4/15)
Scrolls
 d - 7 scrolls of teleportation
 i - a scroll of identify
 n - a scroll of random uselessness
 D - a scroll of noise
 H - 3 scrolls of remove curse
 M - a scroll of fog
 Z - a scroll of recharging
Potions
 g - a potion of degeneration
 l - 2 potions of berserk rage
 o - 3 potions of lignification
 p - 3 potions of brilliance
 s - a potion of flight
 L - a potion of haste {unknown}
 S - a potion of invisibility {unknown}
 X - a potion of magic {unknown}
Books
 a - a book of Frost

   Spells                             Type                      Level
   a - Freeze                         Ice                          1
   b - Throw Frost                    Conjuration/Ice              2
   c - Ozocubu's Armour               Charms/Ice                   3
   d - Throw Icicle                   Conjuration/Ice              4
   e - Summon Ice Beast               Ice/Summoning                4
 Q - a book of Ice

   Spells                             Type                      Level
   a - Ice Form                       Ice/Transmutation            4
   b - Metabolic Englaciation         Hexes/Ice                    5
   c - Ozocubu's Refrigeration        Ice                          6
   d - Bolt of Cold                   Conjuration/Ice              6
   e - Freezing Cloud                 Conjuration/Ice/Air          6
   f - Simulacrum                     Ice/Necromancy               6
Miscellaneous
 e - a plain deck of destruction
 C - an ornate deck of destruction {drawn: 1}
 G - an ornate deck of war
 O - a plain deck of war
 P - a legendary deck of escape
 Y - an ornate deck of destruction
Comestibles
 j - 3 meat rations
 k - a bread ration
 q - 4 beef jerkies
 v - 3 slices of pizza
 E - 18 fruits
 I - a royal jelly


   Skills:
 * Level 9.2 Fighting
 + Level 2.8 Short Blades
 * Level 10.1 Armour
 * Level 10.3 Dodging
 - Level 5.0 Stealth
 * Level 9.6 Unarmed Combat
 + Level 1.2 Evocations


You had 10 spell levels left.
You didn't know any spells.

Dungeon Overview and Level Annotations

Branches:
Dungeon (10/15)            Temple (1/1) D:4             Orc (1/2) D:10
   Lair: D:8-11

Altars:
Ashenzari
Cheibriados
Dithmenos
Elyvilon
Fedhas
Gozag
Kikubaaqudgha
Makhleb
Nemelex Xobeh
Okawaru
Pakellas
Qazlal
Ru
Sif Muna
Trog
Vehumet
Xom
Yredelemnul
Zin
The Shining One
Beogh

Shops:
D:8 ?   D:10 :


Innate Abilities, Weirdness & Mutations

You reflexively headbutt those who attack you in melee.
You have a pair of horns on your head.
Scrolls take you a little longer to read.
You are very frail (-20% HP).


Message History

a club; an orc corpse The orc warrior closely misses you.
Found a roughly hewn altar of Beogh.
The orc sorcerer casts a spell.
You hit the orc priest but do no damage.
The orc priest hits you but does no damage.
You punch the orc priest!
The orc priest is severely wounded.
Your plate armour prevents you from hitting the orc priest.
Your headbutt misses the orc priest.
The orc priest is severely wounded.
The orc priest hits you but does no damage.
The orc priest casts a cantrip, but nothing happens.
You punch the orc priest!
You kill the orc priest!
The orc sorcerer hits you but does no damage.
The orc priest calls down the wrath of Beogh upon you.
Beogh smites you!
You die...
Your body disappears without a glow.

...##....###.....#
##.#....<.......#
#..............##
##....#.#.......#
##.....#####....##
#.#.....# ##.....#
##.###...###......#..
###...##...............
##.....#.##..@...#......
#.........##...#####...#
##..........o4#.# ....
###...###....o..### #..
#....#####......# #.
##...)#.##o....##
###..........##
###.......## ###(.....##


You could see a hellwing, an orc sorcerer, an orc warrior and an orc priest.

Vanquished Creatures
  An unseen horror (D:9)
  A wizard (D:9)
  A two-headed ogre (D:9)
  Grinder (D:3)
  2 trolls
  Sigmund (D:6)
  A wyvern (D:9)
  5 yaks (D:9)
  Grum (D:8)
  4 orc warriors
  2 phantoms
  2 sky beasts
  3 black bears
  An ice beast (D:7)
  3 ogres
  4 centaurs
  3 wolves (D:8)
  A big kobold (D:9)
  3 giant frogs
  4 scorpions
  11 killer bees
  8 wights (D:10)
  5 crimson imps
  6 orc priests
  A giant frog zombie (D:9)
  2 hounds
  3 centaur skeletons
  3 giant frog skeletons
  7 jellies
  11 orc wizards
  Jessica (D:7)
  4 iguanas
  7 worker ants
  2 hound zombies
  8 gnolls
  15 adders
  4 shadow imps
  An ooze (D:1)
  An adder zombie (D:6)
  An adder skeleton (D:4)
  A worm (D:2)
  4 dart slugs
  2 giant geckos
  39 orcs
  A ball python (D:1)
  6 giant cockroaches
  11 goblins
  15 hobgoblins
  6 jackals
  3 quokkas
  8 bats
  2 giant gecko skeletons
  6 giant newts
  18 kobolds
  A quokka skeleton (D:5)
  2 quokka zombies (D:7)
  5 rats
275 creatures vanquished.

Vanquished Creatures (collateral kills)
  Prince Ribbit (D:8)
  2 phantoms
  An ogre (D:7)
  4 killer bees (D:7)
  A hound (D:4)
  3 orc wizards (D:6)
  An orc priest (D:6)
  An adder (D:6)
  4 orcs
  4 jackals (D:6)
  A giant gecko skeleton (D:4)
23 creatures vanquished.

Grand Total: 298 creatures vanquished

Notes
Turn   | Place    | Note
--------------------------------------------------------------
     0 | D:1      | Lovchig the Minotaur Monk began the quest for the Orb.
     0 | D:1      | Reached XP level 1. HP: 19/19 MP: 0/0
   211 | D:1      | Reached XP level 2. HP: 12/27 MP: 1/1
  1073 | D:1      | Reached skill level 5 in Unarmed Combat
  1164 | D:2      | Reached XP level 3. HP: 33/33 MP: 2/2
  1259 | D:2      | Reached XP level 4. HP: 13/40 MP: 3/3
  2114 | D:3      | Reached XP level 5. HP: 47/47 MP: 4/4
  2121 | D:3      | Noticed Grinder
  2144 | D:3      | Paralysed by Grinder for 4 turns
  2152 | D:3      | Killed Grinder
  2152 | D:3      | Reached XP level 6. HP: 42/55 MP: 5/5
  2259 | D:3      | Found a shadowy altar of Dithmenos.
  2259 | D:3      | Found a shimmering altar of Xom.
  2379 | D:3      | Reached skill level 5 in Fighting
  2521 | D:3      | Found a shattered altar of Ashenzari.
  2592 | D:3      | Gained mutation: You are partially covered in molten scales (AC +1). [potion of beneficial mutation]
  2940 | D:4      | Reached skill level 5 in Dodging
  3112 | D:4      | Reached XP level 7. HP: 31/61 MP: 6/6
  3227 | D:4      | Found a snail-covered altar of Cheibriados.
  3344 | D:4      | Found a staircase to the Ecumenical Temple.
  3372 | D:4      | Identified a +1 pair of boots of running (You found it on level 4 of the Dungeon)
  3545 | Temple   | Entered the Ecumenical Temple
  3562 | Temple   | Became a worshipper of Nemelex Xobeh the Trickster
  3562 | Temple   | Received a gift from Nemelex Xobeh
  3562 | Temple   | Reached * piety under Nemelex Xobeh
  3562 | Temple   | Received a gift from Nemelex Xobeh
  3562 | Temple   | Reached ** piety under Nemelex Xobeh
  3973 | D:4      | Noticed a vampire mosquito
  4236 | D:5      | Entered Level 5 of the Dungeon
  4403 | D:5      | Found a burning altar of Makhleb.
  4409 | D:5      | Found an opulent altar of Gozag.
  4417 | D:5      | Found a blossoming altar of Fedhas.
  4520 | D:5      | Received a gift from Nemelex Xobeh
  4662 | D:5      | Reached XP level 8. HP: 48/70 MP: 7/7
  4688 | D:5      | Reached skill level 1 in Short Blades
  4688 | D:5      | Reached skill level 5 in Armour
  4722 | D:5      | Reached *** piety under Nemelex Xobeh
  5021 | D:5      | Received a gift from Nemelex Xobeh
  5229 | D:6      | Noticed Sigmund
  6011 | D:6      | Killed Sigmund
  6011 | D:6      | Reached XP level 9. HP: 60/78 MP: 8/8
  6312 | D:7      | Lost mutation: You are partially covered in molten scales (AC +1). [potion of cure mutation]
  6341 | D:7      | Noticed Jessica
  6351 | D:7      | Found a deep blue altar of Sif Muna.
  6353 | D:7      | Killed Jessica
  6679 | D:7      | Reached **** piety under Nemelex Xobeh
  7112 | D:8      | Received a gift from Nemelex Xobeh
  7115 | D:8      | Noticed Prince Ribbit
  7126 | D:8      | Killed Prince Ribbit
  7184 | D:8      | Noticed Grum
  7226 | D:8      | Killed Grum
  7339 | D:8      | Found Qanext's Magic Scroll Shop.
  7476 | D:8      | Reached XP level 10. HP: 63/86 MP: 9/9
  8173 | D:9      | Found a blossoming altar of Fedhas.
  8252 | D:9      | Reached skill level 1 in Evocations
  8288 | D:9      | Noticed an unseen horror
  8300 | D:9      | Killed an unseen horror
  8399 | D:9      | Gained mutation: You are frail (-10% HP). [potion of mutation]
  8399 | D:9      | Gained mutation: Scrolls take you a little longer to read. [potion of mutation]
  8399 | D:9      | Gained mutation: You are very frail (-20% HP). [potion of mutation]
  8566 | D:9      | Received a gift from Nemelex Xobeh
  8589 | D:9      | Reached skill level 5 in Stealth
  8926 | D:9      | Noticed a wizard
  8939 | D:9      | Killed a wizard
  8939 | D:9      | Reached skill level 10 in Dodging
  9041 | D:10     | Entered Level 10 of the Dungeon
  9060 | D:10     | Received a gift from Nemelex Xobeh
  9109 | D:10     | Reached ***** piety under Nemelex Xobeh
  9316 | D:10     | Received a gift from Nemelex Xobeh
  9494 | D:10     | Found Toddiy's Book Boutique.
  9501 | D:10     | Found a staircase to the Orcish Mines.
  9615 | D:10     | Reached XP level 11. HP: 77/77 MP: 10/10
  9860 | Orc:1    | Entered Level 1 of the Orcish Mines
  9905 | Orc:1    | Reached skill level 10 in Armour
  9918 | Orc:1    | Noticed an orc sorcerer
  9928 | Orc:1    | Found a roughly hewn altar of Beogh.
  9939 | Orc:1    | Killed from afar by an orc priest

Vault maps used:
D:1:      elethiomel_arrival_maze
D:2:      first_bread
D:3:      ashenzari_conservatory_becter, gammafunk_temple_overflow_wave,
          uniq_grinder
D:4:      cheibriados_altar_wand_db, temple_statues
D:5:      corexii_shack_village, minmay_overflow_temple_star_quad
D:6:      uniq_sigmund
D:7:      tgw_sif
D:8:      serial_shops, shop_scrolls, uniq_grum, uniq_prince_ribbit1
D:9:      hangedman_tree_tricks, lightli_wizard_tower
D:10:     orc_0_dummy, serial_shops, nicolae_shop_competitors_out_of_business,
          minmay_misc_feat_ornament
Temple:   hc_temple_tempest_star
Orc:1:    basic_altar, serial_shops

Skill      XL: |  1  2  3  4  5  6  7  8  9 10 11 |
---------------+----------------------------------+-----
Unarmed Combat | 5 6 7 9 |  9.6
Fighting       | 4 5 6 7 9 |  9.2
Stealth        | 2 3 4 5 |  5.0
Dodging        | 4 5 6 8 9 10 | 10.3
Armour         | 2 3 4 6 7 9 10 | 10.1
Short Blades   | 2 |  2.8
Evocations     | 1 |  1.2

Action                   |  1- 3 |  4- 6 |  7- 9 | 10-12 || total
-------------------------+-------+-------+-------+-------++-------
Melee: Unarmed           |    49 |   138 |   141 |   254 ||   582
       Headbutt          |     6 |    23 |   112 |    70 ||   211
       Punch             |     2 |     5 |    14 |    13 ||    34
       Dagger            |       |       |   354 |       ||   354
       Short sword       |       |       |    36 |       ||    36
Evoke: Deck              |       |       |    15 |     9 ||    24
  Use: Scroll            |       |     8 |    18 |     4 ||    30
       Potion            |       |     1 |     6 |     4 ||    11
 Stab: Sleeping          |     1 |     1 |     3 |       ||     5
  Eat: Bread ration      |       |     2 |     2 |       ||     4
       Meat ration       |       |       |     1 |     1 ||     2
Armor: Robe              |     1 |       |       |       ||     1
       Ring mail         |     9 |    44 |    94 |       ||   147
       Scale mail        |       |       |    39 |       ||    39
       Chain mail        |       |       |    33 |    92 ||   125
       Plate armour      |       |       |       |    23 ||    23
Dodge: Dodged            |    30 |    89 |   360 |   164 ||   643
